 Dungeon Crawl Stone Soup version 0.30.1-11-g7821555f0a (webtiles) character file.

Game seed: 10140527536108408860

1542 Anandil the Trooper (level 8, 0/65 HPs)
             Began as a Demonspawn Fighter on Nov 3, 2023.
             Was an Initiate of Ru.
             Slain by a yak (10 damage)
             ... on level 6 of the Dungeon.
             The game lasted 00:10:03 (4835 turns).

Anandil the Trooper (Demonspawn Fighter)            Turns: 4835, Time: 00:10:03

Health: 0/65       AC: 15    Str: 22    XL:     8   Next: 56%
Magic:  8/8        EV:  6    Int: 11    God:    Ru [......]
Gold:   166        SH:  5    Dex: 14    Spells: 7/7 levels left

rFire   . . .        a - +1 long sword
rCold   . . .        c - +0 buckler
rNeg    . . .        f - +0 plate armour
rPois   .            (no helmet)
rElec   .            (no cloak)
rCorr   .            (no gloves)
SInv    .            s - +1 pair of boots
Will    .....        (no amulet) Stlth
                     e - +6 ring of strength
HPRegen 0.30/turn    (no ring)
MPRegen 0.11/turn

%: no passive effects
@: no status effects
A: ignite blood 1, spiny 1, sharp scales 1, demonic touch 1
a: Renounce Religion


You were on level 6 of the Dungeon.
You worshipped Ru.
Ru was noncommittal.
You visited 1 branch of the dungeon, and saw 6 of its levels.
You also visited: Sewer and Ossuary.

You collected 166 gold pieces.

Inventory:

Hand Weapons
 a - a +1 long sword (weapon)
Missiles
 q - 13 poisoned darts (quivered)
Armour
 b - a +0 scale mail
 c - a +0 buckler (worn)
 f - a +0 plate armour (worn)
 s - a +1 pair of boots (worn)
Jewellery
 e - a +6 ring of strength (left hand)
Wands
 n - a wand of flame (30)
 D - a wand of digging (8)
Scrolls
 i - 2 scrolls of teleportation
 j - 2 scrolls of poison
 k - 2 scrolls of immolation
 m - 2 scrolls of amnesia
 o - 2 scrolls of vulnerability
 p - 6 scrolls of fog
 u - a scroll of torment
 y - 4 scrolls of identify
 B - a scroll of magic mapping
 C - 4 scrolls of fear {unknown}
Potions
 d - 4 potions of might
 g - 3 potions of ambrosia {unknown}
 h - 5 potions of curing {unknown}
 l - a potion of mutation {unknown}
 r - a potion of berserk rage {unknown}
 t - 3 potions of invisibility {unknown}
 v - a potion of lignification {unknown}
 w - a potion of haste {unknown}
 x - 2 potions of heal wounds {unknown}
 z - a potion of resistance {unknown}
 A - 3 potions of attraction {unknown}
 E - a potion of flight {unknown}


   Skills:
 + Level 6.3 Fighting
 + Level 5.3 Long Blades
 + Level 5.8 Armour
 - Level 5.0 Shields


You had 7 spell levels left.
You didn't know any spells.
Your spell library contained the following spells:

 Spells                   Type           Power      Damage    Failure   Level
 Magic Dart               Conj           0%         1d3       100%        1
 Slow                     Hex            0%         N/A       100%        1
 Sting                    Tmut/Pois      0%         1d3       100%        1
 Call Imp                 Summ           0%         N/A       100%        2
 Poisonous Vapours        Pois/Air       0%         N/A       100%        2
 Confusing Touch          Hex            0%         N/A       100%        3
 Mephitic Cloud           Conj/Pois/Air  0%         N/A       100%        3
 Vampiric Draining        Necr           0%         2d6       100%        3
 Olgreb's Toxic Radiance  Pois           0%         N/A       100%        4


Dungeon Overview and Level Annotations

Branches:
Dungeon (6/15)              Sewer (visited)         Ossuary (visited)
 Temple: D:4-7

Altars:
Cheibriados
Dithmenos
Kikubaaqudgha
Ru
Yredelemnul

Shops:
D:6 [


Innate Abilities, Weirdness & Mutations

Your demonic aura sometimes causes spilled blood to erupt in flames.
You are partially covered in sharp spines.
You are partially covered in razor-sharp scales. (AC +1, Slay +1)
Your touch may inflict minor irresistible damage on your foes.


Message History

Your Long Blades skill increases to level 5!
Unknown command.
The yak bellows!
The yak gores you! You block the yak's attack.
You see here a yak corpse.
You hit the yak.
The yak is lightly wounded.
The yak is engulfed in blazing flames.
You block the yak's attack. The yak gores you!
You hit the yak but do no damage.
The yak is moderately wounded.
The yak is engulfed in blazing flames.
The yak gores you.
The yak is engulfed in blazing flames.
The yak gores you but does no damage.
You are too injured to fight recklessly!
You are too injured to fight recklessly!
You are too injured to fight recklessly!
Unknown command.
The yak is engulfed in blazing flames.
There is an escape hatch in the floor, spattered with blood here.
Unknown command.
You slash the yak!
The yak is severely wounded.
The yak is engulfed in blazing flames.
You kill the yak!
The yak gores you!
Things that are here:
a yak corpse; a yak corpse You hit the yak.
The yak is severely wounded.
The yak gores you.
* * * LOW HITPOINT WARNING * * *
The yak gores you.
* * * LOW HITPOINT WARNING * * *
There is an escape hatch in the floor, spattered with blood here.
You hit the yak.
The yak is severely wounded.
The yak gores you.
* * * LOW HITPOINT WARNING * * *
The yak is struck by your spines. The yak gores you!
You die...

#### #...# ### ###...# ..#
......## #.# ......##. #.#
......##.#####.########
............(.........
....####....##.####.######
#'#.....###.##..@YY.......
#∩#.....# #.######.###...#
###.....# #.# #.....# #
.)......# #.# ##..#....#
..#########.# #...<#..#
..# #....# ..####..# ..#
#.#### ... .# ..######.#
Y.#. # ##.......# Y....


You could see 2 yaks.

Vanquished Creatures
  Grinder (D:3)
  2 yaks (D:6)
  An ice beast (D:5)
  An ogre (D:6)
  A phantom (D:5)
  A kobold brigand (D:3)
  3 scorpions
  A bullfrog zombie (D:4)
  A human zombie (Ossuary)
  A centaur zombie (Ossuary)
  A hound (D:5)
  A jelly (D:5)
  A hell rat (Sewer)
  2 iguanas
  An orc wizard (D:5)
  2 hound zombies (D:4)
  4 mummies (Ossuary)
  A howler monkey zombie (D:4)
  4 adders
  A river rat (Sewer)
  A white imp (D:6)
  An ufetubus (D:6)
  An adder zombie (D:4)
  2 worms
  3 dart slugs
  8 orcs
  9 ball pythons
  12 endoplasms
  4 giant cockroaches
  6 goblins
  10 hobgoblins
  2 quokkas (D:4)
  12 bats
  2 frilled lizards
  A goblin zombie (Ossuary)
  8 kobolds
  4 kobold zombies (Ossuary)
  An orc zombie (Ossuary)
  13 rats
131 creatures vanquished.

Notes
Turn   | Place    | Note
-------+----------+-------------------------------------------
     0 | D:1      | Anandil the Demonspawn Fighter began the quest for the Orb.
     0 | D:1      | Reached XP level 1. HP: 18/18 MP: 1/1
   184 | D:1      | Gained mutation: You are partially covered in sharp spines.
                  | [demonic ancestry]
   184 | D:1      | Reached XP level 2. HP: 22/24 MP: 2/2
   641 | D:2      | Reached XP level 3. HP: 29/29 MP: 3/3
  1258 | D:3      | Gained mutation: You are partially covered in razor-sharp
                  | scales. (AC +1, Slay +1) [demonic ancestry]
  1258 | D:3      | Reached XP level 4. HP: 34/35 MP: 4/4
  1503 | D:3      | Found a shadowy altar of Dithmenos.
  1687 | D:3      | Noticed Grinder
  1690 | D:3      | Paralysed by Grinder for 5 turns
  1700 | D:3      | Killed Grinder
  1701 | D:3      | Reached skill level 4 in Fighting
  1701 | D:3      | Reached XP level 5. HP: 20/42 MP: 5/5
  1701 | D:3      | Gained mutation: Your demonic aura sometimes causes spilled
                  | blood to erupt in flames. [demonic ancestry]
  1701 | D:3      | Reached XP level 6. HP: 23/48 MP: 6/6
  2000 | D:3      | You fall into a shaft and drop 2 floors!
  2000 | D:5      | Entered Level 5 of the Dungeon
  2008 | D:5      | Found a snail-covered altar of Cheibriados.
  2036 | D:5      | Reached XP level 7. HP: 50/55 MP: 7/7
  2105 | D:5      | Found an ancient bone altar of Kikubaaqudgha.
  2141 | D:5      | Found a sand-covered staircase.
  2151 | Ossuary  | Entered an ossuary
  2768 | Ossuary  | Reached skill level 5 in Fighting
  3149 | D:4      | Found a basalt altar of Yredelemnul.
  3232 | D:4      | Found a glowing drain.
  3244 | Sewer    | Entered a sewer
  4258 | D:5      | Reached skill level 5 in Armour
  4258 | D:5      | Reached skill level 5 in Shields
  4258 | D:5      | Gained mutation: Your touch may inflict minor irresistible
                  | damage on your foes. [demonic ancestry]
  4258 | D:5      | Reached XP level 8. HP: 45/63 MP: 8/8
  4615 | D:6      | Found a sacrificial altar of Ru.
  4645 | D:6      | Became a worshipper of Ru the Awakened
  4678 | D:6      | Found Juitoyw's Armour Boutique.
  4825 | D:6      | Reached skill level 6 in Fighting
  4825 | D:6      | Reached skill level 5 in Long Blades
  4835 | D:6      | Slain by a yak

Illustrated notes

Levels and vault maps discovered:
D:1:      psy_arrival_spokes, layout_basic, minmay_small_reverse_x
D:2:      layout_basic, minmay_hexomino_p4
D:3:      layout_loops_ring, grunt_dithmenos_smoke_and_mirrors,
          minmay_divided_ellipse, uniq_grinder
D:4:      layout_loops_corners, nicolae_yredelemnul_corpse_copse,
          portal_sewer_entry_f
D:5:      layout_basic, mainiacjoe_overflow_cross_hatched, cheibriados_altar_1,
          enter_ossuary_1, grunt_ministairs_3, st_stairs_7,
          nicolae_concentric_dashed_squares_wild
D:6:      layout_basic, nicolae_vehumet_radiance,
          nicolae_ru_the_path_less_chosen, nicolae_overflow_hidden_temple,
          minmay_temple_entry_trees, serial_shops, kennysheep_mini, shop, shop,
          nicolae_shop_window_shopping, nicolae_lakefront_shop

Skill      XL: |  1  2  3  4  5  6  7  8 |
---------------+-------------------------+-----
Long Blades    | 2 3 4 5 |  5.3
Armour         | 3 4 5 |  5.8
Shields        | 3 4 5 |  5.0
Fighting       | 4 5 6 |  6.3

Action                     |  1- 3 |  4- 6 |  7- 9 || total
---------------------------+-------+-------+-------++-------
  Melee: Long sword        |    79 |    63 |   168 ||   310
    Use: Potion            |       |     1 |       ||     1
         Scroll            |       |     4 |     5 ||     9
 Armour: Scale mail        |    28 |    21 |    43 ||    92
         Plate armour      |       |       |    34 ||    34
  Dodge: Dodged            |    29 |    20 |    44 ||    93
  Block: Buckler           |    23 |    13 |    30 ||    66
